 Dungeon Crawl Stone Soup version 0.25-a0-10-g2fe12d4386 (webtiles) character file.

Game seed: 12021858972898293410, levelgen mode: deterministic

2286 Monsterracer the Cleaver (level 9, 0/82 HPs)
             Began as a Minotaur Chaos Knight on Oct 15, 2019.
             Was a Plaything of Xom.
             Slain by an orc warrior
             ... wielding a +0 glaive
              (21 damage)
             ... on level 7 of the Dungeon.
             The game lasted 00:12:22 (5756 turns).

Monsterracer the Cleaver (Minotaur Chaos Knight)    Turns: 5756, Time: 00:12:23

Health: 0/82       AC: 13    Str: 20    XL:     9   Next: 17%
Magic:  8/8        EV: 11    Int: 13    God:    Xom [...*..]
Gold:   514        SH:  0    Dex: 15    Spells: 8/8 levels left

rFire    . . .     SeeInvis .   a - +0 war axe
rCold    + . .     Gourm    .   (no shield)
rNeg     . . .     Faith    .   r - +0 plate armour
rPois    .         Spirit   .   (helmet restricted)
rElec    .         Reflect  .   (no cloak)
rCorr    .         Harm     .   (no gloves)
MR       .....                  (no boots)
Stlth    ..........             (no amulet)
HPRegen  0.23/turn              u - +4 ring of intelligence
MPRegen  0.11/turn              C - ring of protection from cold

@: agile
A: retaliatory headbutt, horns 2, MP-powered wands
a: Renounce Religion


You were on level 7 of the Dungeon.
You worshipped Xom.
You were a favourite toy of Xom.
You were hungry.

You visited 1 branch of the dungeon, and saw 8 of its levels.
You also visited: Sewer.

You collected 514 gold pieces.

Inventory:

Hand Weapons
 a - a +0 war axe (weapon)
   (You found it on level 7 of the Dungeon)
 b - a +1 trident of piercing
   (You took it off a gnoll on level 8 of the Dungeon)
 s - the +9 short sword of the Butterfly {pierce, +Fly Str+2}
   (You found it on level 4 of the Dungeon)

   It inflicts extra damage upon your enemies.
   It affects your strength (+2).
   It lets you fly.
Armour
 r - a +0 plate armour (worn)
   (You found it on level 2 of the Dungeon)
Jewellery
 u - a +4 ring of intelligence (left hand)
   (You found it on level 4 of the Dungeon)
 C - a ring of protection from cold (right hand)
   (You found it on level 6 of the Dungeon)
Wands
 v - a wand of polymorph (11)
   (You took it off a hobgoblin on level 2 of the Dungeon)
Scrolls
 k - 2 scrolls of fear {!r}
 l - 2 scrolls of enchant armour
 m - 3 scrolls of magic mapping
 n - a scroll of fog {unknown}
 o - 4 scrolls of remove curse {unknown}
 p - a scroll of enchant weapon
 t - a scroll of teleportation {!r}
 x - a scroll of acquirement {unknown}
 X - 2 scrolls of blinking
Potions
 d - 3 potions of heal wounds
 e - 6 potions of curing
 g - 4 potions of magic
 h - 2 potions of haste
 j - 4 potions of might
 w - 3 potions of mutation {!q}
 y - a potion of resistance
 z - 3 potions of brilliance
Comestibles
 c - 22 rations


   Skills:
 + Level 8.5 Fighting
 * Level 11.2 Axes
 + Level 6.7 Armour
 - Level 1.1 Dodging


You had 8 spell levels left.
You didn't know any spells.
Your spell library was empty.

Dungeon Overview and Level Annotations

Branches:
Dungeon (8/15)             Temple (0/1) D:7            Lair (0/6) D:8
  Sewer (visited)

Altars:
Wu Jian
Xom

Annotations:
D:5 Menkaure
D:6 1 runed translucent door, Kohma's ghost, novice OpTm


Innate Abilities, Weirdness & Mutations

You reflexively headbutt those who attack you in melee.
You have a pair of horns on your head.
You expend magic power (3 MP) to strengthen your wands.


Message History

The adder barely misses you. You furiously retaliate!
You headbutt the adder, but do no damage.
The orc barely misses you. You furiously retaliate!
You headbutt the orc.
The orc warrior hits you with a +0 glaive!
The adder bites you.
You hit the orc warrior.
The orc warrior is lightly wounded.
You hit the orc.
You kill the orc!
You closely miss the adder. The adder bites you but does no damage.
The orc warrior hits you with a +0 glaive!
You barely miss the orc warrior. Your headbutt misses the orc warrior.
The orc warrior is lightly wounded.
Your plate armour prevents you from hitting the adder.
The adder bites you but does no damage.
You hit the orc warrior.
The orc warrior is lightly wounded.
You hit the adder. The adder closely misses you. You furiously retaliate!
You headbutt the adder.
The orc warrior hits you but does no damage.
You are feeling hungry.
You barely miss the orc warrior.
The orc warrior is lightly wounded.
You hit the adder.
Xom plays with reality for a moment.
The orc warrior blinks!
The orc warrior appears confused.
The adder blinks!
The orc warrior barely misses the adder.
The orc warrior seems less confused.
An orc comes into view.
The orc warrior hits you from afar with a +0 glaive.
The orc shouts!
You closely miss the orc warrior.
The orc warrior is lightly wounded.
The orc warrior hits you but does no damage.
You closely miss the orc warrior.
The orc warrior is lightly wounded.
You barely miss the adder. Your headbutt misses the adder.
The adder is moderately wounded.
You hit the orc warrior but do no damage.
The adder barely misses you. You furiously retaliate!
You headbutt the adder.
You kill the adder!
The orc warrior hits you with a +0 glaive!
* * * LOW HITPOINT WARNING * * *
Unknown command.
It was a potion of heal wounds.
You feel much better.
d - 3 potions of heal wounds;
y - a potion of resistance The orc priest looks encouraged for a moment.
The orc warrior hits you with a +0 glaive.
It was a potion of agility.
You feel agile all of a sudden.
Xom roars with laughter!
The orc hits you.
You hit the orc warrior but do no damage.
You headbutt the orc warrior, but do no damage.
The orc warrior is lightly wounded.
You closely miss the orc. The orc warrior barely misses you.
The orc barely misses you. You furiously retaliate!
You headbutt the orc. You closely miss the orc.
The orc is moderately wounded.
You closely miss the orc warrior.
You are now a favourite toy of Xom.
The orc priest looks satisfied for a moment.
The orc barely misses you. You furiously retaliate!
You headbutt the orc. The orc warrior barely misses you.
You hit the orc.
You kill the orc!
You hit the orc warrior.
Your plate armour prevents you from hitting the orc priest.
You closely miss the orc warrior. The orc warrior barely misses you.
The orc priest closely misses you.
You closely miss the orc priest. You headbutt the orc priest.
The orc priest is lightly wounded.
You hit the orc warrior but do no damage.
The orc priest hits you but does no damage.
The orc warrior hits you with a +0 glaive!
* * * LOW HITPOINT WARNING * * *
Unknown command.
You slash the orc priest!
The orc priest is severely wounded.
You closely miss the orc warrior. The orc priest barely misses you.
The orc warrior hits you with a +0 glaive!!
* * * LOW HITPOINT WARNING * * *
Unknown command.
You hit the orc priest. Your headbutt misses the orc priest.
The orc priest is severely wounded.
You closely miss the orc warrior. The orc priest barely misses you.
Your plate armour prevents you from hitting the orc priest.
The orc priest is severely wounded.
You hit the orc warrior but do no damage.
The orc warrior closely misses you.
The orc priest hits you but does no damage.
You closely miss the orc priest. You headbutt the orc priest.
You kill the orc priest!
You hit the orc warrior but do no damage.
The orc warrior closely misses you.
You hit the orc warrior but do no damage.
You headbutt the orc warrior, but do no damage.
The orc warrior is moderately wounded.
The orc warrior hits you with a +0 glaive!!
You die...

.# #.##.#.# ..##.#.
.......## ...>..<.#
.####.#.#### # .#
#.#....# #####.## .#
#.#.##.#######......#
.####.#.........@)....?.#
)........#†##).#o##.##..#
.#.......#.....#......
.#.##.#.....##....#.##..
.#.##.#..##....##.#...
... .#.##.#.....##..
...##. ..
......#...#....>.##.. .
..........#.##... .#
......##...


You could see an orc warrior.

Vanquished Creatures
  3 centaurs (D:6 D:8)
  A hippogriff (D:8)
  An ice beast (D:2)
  A sky beast (D:8)
  A necrophage (D:6)
  A boggart (D:3)
  Blork the orc (D:4)
  2 bullfrogs (D:6 D:8)
  4 scorpions (D:4 D:5 D:6)
  5 wights (D:8)
  2 crimson imps (D:5 D:6)
  A bullfrog zombie (D:5)
  A quasit (D:5)
  4 hounds (D:4 D:8)
  An orc wizard (D:3)
  4 orc priests (D:3 D:4 D:8 D:7)
  A bullfrog skeleton (D:5)
  2 iguanas (D:6 D:8)
  2 worker ants (D:5 D:6)
  A hound skeleton (D:3)
  A worker ant zombie (D:6)
  4 gnolls (D:8)
  12 adders (D:1 D:2 Sewer D:3 D:6)
  A shadow imp (D:6)
  An ooze (D:4)
  An adder zombie (D:3)
  An adder skeleton (D:5)
  5 worms (D:1 D:2 D:3)
  A dart slug (D:4)
  5 leopard geckos (D:2 D:4 D:6 D:7)
  15 orcs (D:3 D:2 D:4 D:8 D:7)
  5 giant cockroaches (D:1 D:2)
  8 goblins (D:2 D:3)
  6 hobgoblins (D:1 D:3 D:2)
  2 quokkas (D:2 D:4)
  3 ball pythons (Sewer)
  8 bats (D:1 D:2)
  10 frilled lizards (D:1 D:2 Sewer)
  11 kobolds (D:1 D:2)
  3 leopard gecko skeletons (D:4 D:6)
  2 quokka skeletons (D:3 D:7)
  9 rats (D:1 D:2 D:3)
153 creatures vanquished.

Vanquished Creatures (others)
  Sigmund (D:6)
  4 toadstools (D:1)
5 creatures vanquished.

Grand Total: 158 creatures vanquished

Notes
Turn   | Place    | Note
-------+----------+-------------------------------------------
     0 | D:1      | Monsterracer the Minotaur Chaos Knight began the quest for
                  | the Orb.
     0 | D:1      | Reached XP level 1. HP: 19/19 MP: 0/0
    81 | D:1      | Reached skill level 4 in Axes
   168 | D:1      | Reached XP level 2. HP: 27/27 MP: 1/1
   170 | D:1      | XOM: harmless Chrm miscast
   395 | D:1      | XOM: 1-stop teleportation journey
   801 | D:2      | Noticed an ice beast
   854 | D:2      | Reached XP level 3. HP: 33/33 MP: 2/2
   976 | D:2      | Reached skill level 5 in Axes
  1126 | D:2      | XOM: medium Tloc miscast
  1156 | D:3      | Noticed a boggart
  1156 | D:3      | a worm changed into a boggart
  1156 | D:3      | XOM: polymorph worm -> boggart
  1158 | D:3      | XOM: mild Erth miscast
  1159 | D:3      | XOM: noise
  1159 | D:3      | HP: 16/34 [boggart (3)]
  1161 | D:3      | Killed a boggart
  1161 | D:3      | Reached skill level 6 in Axes
  1161 | D:3      | Reached XP level 4. HP: 20/41 MP: 3/3
  1191 | D:3      | Reached skill level 5 in Fighting
  1191 | D:3      | Reached XP level 5. HP: 25/48 MP: 4/4
  1191 | D:3      | HP: 24/48 [orc wizard/+0 dagger (1)]
  1196 | D:3      | HP: 19/48 [orc wizard/+0 dagger (2)]
  1416 | D:3      | Found a glowing drain.
  1420 | Sewer    | Entered a sewer
  1874 | D:3      | Reached skill level 7 in Axes
  1874 | D:3      | Reached XP level 6. HP: 55/56 MP: 5/5
  1896 | D:3      | XOM: silly message
  2175 | D:2      | Found an ornate altar of the Wu Jian Council.
  2296 | D:2      | XOM: 7-stop teleportation journey
  2576 | D:2      | Killed an ice beast
  2680 | D:4      | Noticed Blork the orc
  2737 | D:4      | Killed Blork the orc
  2737 | D:4      | Reached XP level 7. HP: 37/63 MP: 6/6
  2979 | D:4      | Reached skill level 8 in Axes
  3254 | D:4      | Got a transparent short sword
  3361 | D:4      | XOM: mild Necr miscast
  3484 | D:4      | XOM: summons 1 hostile demon
  3505 | D:5      | Entered Level 5 of the Dungeon
  3902 | D:5      | XOM: blink monster(s)
  4039 | D:5      | Noticed Menkaure
  4539 | D:6      | Noticed Sigmund
  4540 | D:6      | XOM: enchant monster (good)
  4566 | D:6      | Your ally died
  4573 | D:6      | Killed a centaur
  4573 | D:6      | Reached skill level 9 in Axes
  4573 | D:6      | Reached XP level 8. HP: 38/73 MP: 7/7
  4809 | D:6      | XOM: give mutation
  4809 | D:6      | Gained mutation: You expend magic power (3 MP) to
                  | strengthen your wands. [Xom's mischief]
  4901 | D:6      | XOM: noise
  4932 | D:6      | XOM: enchant monster (good)
  4946 | D:6      | Reached skill level 5 in Armour
  4967 | D:6      | Found a runed translucent door.
  4968 | D:6      | Found a shimmering altar of Xom.
  4968 | D:6      | Noticed a +1 trident of chaos
  4968 | D:6      | Noticed Kohma's ghost (novice OpTm)
  5086 | D:6      | You fall into a shaft and drop 2 floors!
  5166 | D:8      | Reached skill level 10 in Axes
  5192 | D:8      | XOM: confusion (+ monsters)
  5391 | D:8      | XOM: smoke on damage
  5395 | D:8      | XOM: potion effect (heal wounds)
  5422 | D:8      | XOM: noise
  5440 | D:8      | Found a staircase to the Lair.
  5462 | D:8      | Reached XP level 9. HP: 58/81 MP: 8/8
  5618 | D:8      | Reached skill level 11 in Axes
  5693 | D:7      | Identified the +9 short sword of the Butterfly {pierce,
                  | +Fly Str+2} (You found it on level 4 of the Dungeon)
  5719 | D:7      | Found a staircase to the Ecumenical Temple.
  5739 | D:7      | XOM: cast spell 'Dispersal'
  5744 | D:7      | HP: 31/82 [orc warrior/+0 glaive (14)]
  5751 | D:7      | HP: 38/82 [orc warrior/+0 glaive (12)]
  5756 | D:7      | Slain by an orc warrior

Levels and vault maps discovered:
D:1:      evilmike_arrival_run_for_it, layout_basic, serial_bayou,
          serial_bayou_pond_e, serial_bayou_pond_d, serial_bayou_ford_a,
          serial_bayou_lagoon_b, minmay_misc_feat_iff, minmay_gold_behind_fungi,
          minmay_tripent
D:2:      layout_rooms, overflow_temple_1_default, minmay_joined_circles
D:3:      layout_rooms, serial_undead, serial_undead_a, serial_undead_d,
          serial_undead_a, serial_undead_c, gup_sewer_entry_bowl, first_ration
D:4:      layout_rooms, uniq_blork_the_orc
D:5:      layout_loops_ring, uniq_menkaure
D:6:      layout_cave_pools, ebering_ghost_xom, nicolae_underground_beach,
          uniq_sigmund
D:7:      layout_loops_ring, minmay_temple_entry_ruins
D:8:      layout_gridville, lair_entry_dummy

Skill      XL: |  1  2  3  4  5  6  7  8  9 |
---------------+----------------------------+-----
Axes           | 4 6 7 9 10 11 | 11.2
Fighting       | 4 5 6 7 8 |  8.5
Armour         | 3 4 6 |  6.7
Dodging        | |  1.1

Action                   |  1- 3 |  4- 6 |  7- 9 || total
-------------------------+-------+-------+-------++-------
Melee: Hand axe          |    61 |   157 |   175 ||   393
       Headbutt          |    11 |    25 |    35 ||    71
       Trident           |       |       |    58 ||    58
       War axe           |       |       |    22 ||    22
  Use: Scroll            |     4 |     5 |     6 ||    15
       Potion            |       |       |     2 ||     2
 Stab: Paralysed         |       |       |     4 ||     4
       Petrified         |       |       |     3 ||     3
       Petrifying        |       |       |     1 ||     1
  Eat: Chunk             |     1 |     5 |     6 ||    12
       Ration            |       |       |     1 ||     1
Armor: Leather armour    |    10 |       |       ||    10
       Chain mail        |    28 |    53 |       ||    81
       Plate armour      |       |    37 |   158 ||   195
Dodge: Dodged            |    26 |    64 |    82 ||   172

Table legend:
 A = Non-vault XP
 B = Vault XP
 C = Vault XP percentage of total XP
 D = Non-vault monster count
 E = Vault monster count
 F = Vault count percentage of total count
                 A         B        C        D         E       F
            +---------+---------+-------+---------+---------+-------
      Total |    3049 |     218 |   6.7 |     112 |      41 |  26.8
            +---------+---------+-------+---------+---------+-------
        D:1 |      32 |       8 |  20.0 |      12 |       3 |  20.0
        D:2 |     228 |      33 |  12.6 |      23 |      20 |  46.5
        D:3 |     246 |      28 |  10.2 |      13 |       6 |  31.6
        D:4 |     196 |      99 |  33.6 |      18 |       1 |   5.3
        D:5 |     287 |       0 |   0.0 |       7 |       0 |   0.0
        D:6 |     730 |       0 |   0.0 |      13 |       0 |   0.0
        D:7 |      66 |       0 |   0.0 |       6 |       0 |   0.0
        D:8 |    1264 |       0 |   0.0 |      20 |       0 |   0.0
      Sewer |       0 |      50 | 100.0 |       0 |      11 | 100.0
            +---------+---------+-------+---------+---------+-------
